Map: Ice and Chrome LE

Players

PtitDrogo

  • Race: Protoss Protoss
  • Spawn Location: 7:00

LiquidClem (Clem) - Winner!

  • Race: Terran Terran
  • League: Grandmaster
  • Spawn Location: 1:00

Event: DreamHack SC2 Masters 2020 Fall

VOD

Have the link to the VOD?

Description

Time

  • Played on: Sept. 11, 2020, 3:38 p.m.
  • Length: 4:44

All games in this series

Show
View Real Time Build Order
Export as new Build Order

PtitDrogo Protoss 

Build Orders: 1 Gate Expand 

Get SALT Encoding   

  12  0:00  Probe  
  13  0:12  Probe  
  14  0:17  Pylon  
  14  0:24  Probe  
  15  0:35  Gateway  
  15  0:37  Probe (Chrono Boost)  
  16  0:46  Assimilator, Probe (Chrono Boost)  
  17  0:51  Probe (Chrono Boost)  
  18  1:03  Probe  
  19  1:15  Probe  
  20  1:22  Cybernetics Core  
  20  1:31  Nexus  
  20  1:39  Pylon  
  20  1:42  Probe  
  21  1:49  Assimilator  
  21  1:54  Probe  
  21  1:55  Adept (Chrono Boost)  
  24  2:02  Shield Battery  
  24  2:06  Probe  
  24  2:08  Warp Gate  
  25  2:17  Stalker (Chrono Boost)  
  25  2:19  Probe  
  28  2:31  Probe  
  28  2:35  Twilight Council  
  29  2:43  Probe (Chrono Boost)  
  31  2:49  Probe (Chrono Boost)  
  31  2:53  Probe (Chrono Boost)  
  31  2:57  Probe (Chrono Boost)  
  31  2:58  Probe (Chrono Boost)  
  33  2:59  Robotics Facility  
  34  3:10  Probe (Chrono Boost)  
  34  3:12  Probe (Chrono Boost)  
  36  3:19  Gateway  
  37  3:20  Probe (Chrono Boost)  
  37  3:23  Probe (Chrono Boost)  
  37  3:25  Probe (Chrono Boost)  
  39  3:30  Gateway  
  39  3:32  Probe  
  40  3:37  Pylon  
  40  3:38  Probe  
  41  3:45  Probe  
  41  3:47  Observer (Chrono Boost)  
  43  3:51  Probe  
  44  3:55  Stalker  
  44  3:58  Probe  
  44  4:00  Observer (Chrono Boost)  
  48  4:04  Nexus  
  45  4:13  Stalker  
  37  4:25  Stalker  
  36  4:35  Stalker  
Show
View Real Time Build Order
Export as new Build Order

LiquidClem Terran - Winner!

Build Orders:  

Get SALT Encoding   

  12  0:00  SCV  
  13  0:12  SCV  
  14  0:17  Supply Depot  
  14  0:25  SCV  
  15  0:38  SCV  
  15  0:40  Barracks  
  16  0:43  Refinery  
  16  0:51  SCV  
  17  1:03  SCV  
  18  1:15  SCV  
  19  1:27  Orbital Command, Marine  
  20  1:42  Command Center  
  20  1:53  Factory  
  20  1:57  SCV  
  21  2:02  Barracks Reactor  
  21  2:08  Supply Depot  
  21  2:11  SCV  
  22  2:16  Bunker  
  22  2:23  SCV  
  22  2:27  Refinery  
  23  2:35  SCV  
  24  2:39  Marine x2  
  24  2:43  Starport  
  26  2:47  Hellion  
  28  2:52  SCV  
  28  2:57  Orbital Command  
  29  3:03  Orbital Command  
  29  3:04  Marine  
  31  3:08  SCV  
  31  3:10  Hellion  
  33  3:20  SCV  
  33  3:21  Medivac  
  33  3:25  Marine x2  
  38  3:29  SCV  
  38  3:32  SCV  
  38  3:33  Hellion  
  42  3:37  Supply Depot  
  42  3:41  SCV  
  42  3:44  SCV, Marine  
  42  3:45  Marine  
  46  3:52  Supply Depot  
  46  3:58  SCV  
  46  3:59  SCV  
  46  4:02  Marine x2  
  50  4:11  SCV x2  
  50  4:13  Engineering Bay  
  50  4:14  Barracks  
  52  4:20  Marine  
  52  4:23  SCV x2  
  55  4:25  Barracks  
  56  4:36  Refinery  

Tags
 
Add a new tag
Caveats
  • Supply blocks, unpowered buildings, or Contaminate may cause inaccurate times.
  • Supply counts are checked every 10 seconds.